 Dungeon Sprint DCSS version 0.20-a0-945-g3bf614a (webtiles) character file.

1045 useraccount the Carver (level 8, -5/61 HPs)
             Began as a Formicid Fighter on Apr 1, 2017.
             Was a Follower of Hepliaklqana.
             Slain by a two-headed ogre
             ... wielding a +0 giant club
              (17 damage)
             ... in the Dungeon (Sprint IX: "|||||||||||||||||||||||||||||").
             The game lasted 00:01:19 (495 turns).

useraccount the Carver (Formicid Fighter)            Turns: 495, Time: 00:01:20

Health: -5/61      AC: 14    Str: 22    XL:     8   Next: 50%
Magic:  12/12      EV: 12    Int: 12    God:    Hepliaklqana [*.....]
Gold:   0          SH: 11    Dex: 10    Spells: 7/7 levels left

rFire    . . .     SeeInvis +   a - +2 scimitar (holy)
rCold    . . .     Gourm    .   c - +0 shield
rNeg     . . .     Faith    .   k - +1 chain mail
rPois    .         Spirit   .   (helmet unavailable)
rElec    .         Reflect  .   h - +0 cloak
rCorr    .         Harm     .   j - +0 pair of gloves
MR       .....                  (no boots)
Stlth    ..........             (no amulet)
Regen    0.2/turn               p - +3 ring of intelligence
MPRegen  0.2/turn               q - +2 ring of evasion

@: no status effects
A: permanent stasis, dig shafts and tunnels, four strong arms, reduced essence,
antennae 3
a: Dig, Recall Ancestor, Ancestor Identity, Renounce Religion


You were in the Dungeon.
You worshipped Hepliaklqana.
Hepliaklqana was aware of your devotion.
You were near starving.

You visited 1 branch

Inventory:

Hand Weapons
 a - a +2 scimitar of holy wrath (weapon)
 b - a +2 rapier of electrocution
Armour
 c - a +0 shield (worn)
 h - a +0 cloak (worn)
 j - a +0 pair of gloves (worn)
 k - a +1 chain mail (worn)
Jewellery
 p - a +3 ring of intelligence (left hand)
 q - a +2 ring of evasion (right hand)
Wands
 n - a wand of acid (6/15)
Scrolls
 l - 3 scrolls of remove curse
 m - 2 scrolls of amnesia
Potions
 d - a potion of invisibility
 e - 5 potions of curing
 g - 2 potions of heal wounds
 i - 4 potions of magic
Comestibles
 f - a bread ration
 o - a chunk of flesh


   Skills:
 + Level 8.2 Fighting
 * Level 10.0 Long Blades
 + Level 8.3 Armour
 + Level 6.2 Dodging
 + Level 9.1 Shields
 + Level 6.0 Invocations


You had 7 spell levels left.
You didn't know any spells.

Dungeon Overview and Level Annotations

Branches:
Dungeon (1/1)

Altars:
Cheibriados
Dithmenos
Elyvilon
Fedhas
Gozag
Hepliaklqana
Kikubaaqudgha
Makhleb
Nemelex Xobeh
Okawaru
Qazlal
Ru
Sif Muna
Trog
Uskayaw
Vehumet
Wu Jian
Xom
Yredelemnul
Zin
The Shining One
Beogh
Jiyva
Lugonu


Innate Abilities, Weirdness & Mutations

You cannot be hasted, slowed, berserked, paralysed or teleported.
You can dig through walls and to a lower floor.
Your four strong arms can wield two-handed weapons with a shield.
You have a pair of large antennae on your head. (SInv)
Your life essence is reduced. (-10% HP)


Message History

You slice the troll!!
You kill the troll!
The troll leather armour is intact enough to wear.
Your Fighting skill increases to level 8!
Your Long Blades skill increases to level 10!
Your Shields skill increases to level 9!
Your Invocations skill increases to level 6!
The two-headed ogre is no longer covered in acid.
You swap places.
Friðuswiþ hits the two-headed ogre.
The two-headed ogre hits Friðuswiþ with a giant club!
The two-headed ogre hits Friðuswiþ with a giant club.
You feel much better.
Friðuswiþ hits the two-headed ogre.
The two-headed ogre hits Friðuswiþ with a giant club!
Friðuswiþ is destroyed!
The two-headed ogre hits you with a giant club! x2
* * * LOW HITPOINT WARNING * * *
You hit the two-headed ogre but do no damage.
The two-headed ogre is moderately wounded.
The two-headed ogre hits you with a giant club!
You die...

▓.▓
▓.▓
▓.▓
▓.▓
▓c▓
▓D▓
▓O▓
{
▓@▓
▓.▓
▓.▓
▓.▓
▓.▓
▓.▓
▓%▓
▓.▓
{
▓.▓


You could see a two-headed ogre, an acid dragon and a centaur.

Vanquished Creatures
  2 trolls (D)
  A hungry ghost (D)
  A necrophage (D)
  A phantom (D)
  An ice beast (D)
  A bullfrog (D)
  A scorpion (D)
  A jelly (D)
  3 worker ants (D)
  An adder (D)
  2 bats (D)
  A bat skeleton (D)
  A goblin (D)
  A hobgoblin (D)
  A rat (D)
19 creatures vanquished.

Vanquished Creatures (others)
  An ancestor (D)
1 creature vanquished.

Grand Total: 20 creatures vanquished

Notes
Turn   | Place    | Note
-------+----------+-------------------------------------------
     0 | D        | useraccount the Formicid Fighter began the quest for the Orb.
     0 | D        | Reached XP level 1. HP: 18/18 MP: 1/1
    18 | D        | Reached skill level 1 in Dodging
    39 | D        | Noticed a scorpion
    39 | D        | Noticed a worker ant
    39 | D        | Noticed a jelly
    39 | D        | Noticed a phantom
    48 | D        | Killed a jelly
    48 | D        | Reached skill level 4 in Long Blades
    48 | D        | Reached XP level 2. HP: 5/26 MP: 2/2
    48 | D        | Reached XP level 3. HP: 6/31 MP: 3/3
    51 | D        | Killed a phantom
    51 | D        | Reached skill level 5 in Fighting
    51 | D        | Reached skill level 5 in Long Blades
    51 | D        | Reached skill level 5 in Armour
    51 | D        | Reached skill level 5 in Shields
    51 | D        | Reached XP level 4. HP: 5/39 MP: 4/4
    51 | D        | Reached XP level 5. HP: 6/44 MP: 5/5
    53 | D        | Reached skill level 6 in Long Blades
    59 | D        | Reached XP level 6. HP: 8/52 MP: 6/6
   123 | D        | Found a roughly hewn altar of Beogh.
   123 | D        | Found a snail-covered altar of Cheibriados.
   123 | D        | Found a shadowy altar of Dithmenos.
   123 | D        | Found a white marble altar of Elyvilon.
   123 | D        | Found a blossoming altar of Fedhas.
   123 | D        | Found an opulent altar of Gozag.
   314 | D        | Found a hazy altar of Hepliaklqana.
   315 | D        | Found a viscous altar of Jiyva.
   316 | D        | Found an ancient bone altar of Kikubaaqudgha.
   317 | D        | Found a corrupted altar of Lugonu.
   318 | D        | Found a burning altar of Makhleb.
   319 | D        | Found a sparkling altar of Nemelex Xobeh.
   320 | D        | Found an iron altar of Okawaru.
   321 | D        | Found a stormy altar of Qazlal.
   322 | D        | Became a worshipper of Hepliaklqana the Forgotten
   323 | D        | Found a sacrificial altar of Ru.
   324 | D        | Found a deep blue altar of Sif Muna.
   325 | D        | Found a bloodstained altar of Trog.
   326 | D        | Found a hide-covered altar of Uskayaw.
   327 | D        | Found a radiant altar of Vehumet.
   328 | D        | Found an ornate altar of the Wu Jian Council.
   329 | D        | Found a shimmering altar of Xom.
   330 | D        | Found a basalt altar of Yredelemnul.
   331 | D        | Found a glowing silver altar of Zin.
   332 | D        | Found a glowing golden altar of the Shining One.
   346 | D        | Reached * piety under Hepliaklqana
   396 | D        | Noticed an ice beast
   396 | D        | Noticed a necrophage
   400 | D        | Reached skill level 7 in Long Blades
   414 | D        | Killed a necrophage
   414 | D        | Reached skill level 8 in Long Blades
   414 | D        | Reached XP level 7. HP: 43/51 MP: 6/9
   420 | D        | Reached skill level 5 in Dodging
   464 | D        | Noticed an acid dragon
   464 | D        | Noticed a two-headed ogre
   464 | D        | Noticed a troll
   464 | D        | Noticed a hungry ghost
   464 | D        | Noticed a troll
   469 | D        | Killed a troll
   469 | D        | Reached skill level 9 in Long Blades
   469 | D        | Reached skill level 5 in Invocations
   480 | D        | Killed a hungry ghost
   480 | D        | Reached XP level 8. HP: 38/59 MP: 10/12
   490 | D        | Killed a troll
   490 | D        | Reached skill level 10 in Long Blades
   495 | D        | Slain by a two-headed ogre

Vault maps used:
D:        linesprint

Skill      XL: |  1  2  3  4  5  6  7  8 |
---------------+-------------------------+-----
Dodging        | 2 3 4 6 |  6.2
Fighting       | 4 5 6 7 8 |  8.2
Long Blades    | 4 5 6 8 9 10 | 10.0
Armour         | 4 5 6 8 |  8.3
Shields        | 4 5 6 7 8 9 |  9.1
Invocations    | 3 5 6 |  6.0

Action                   |  1- 3 |  4- 6 |  7- 9 || total
-------------------------+-------+-------+-------++-------
Melee: Long sword        |    33 |     8 |       ||    41
       Scimitar          |       |    18 |    35 ||    53
Evoke: Wand              |       |       |     1 ||     1
  Use: Potion            |     1 |       |     1 ||     2
Armor: Scale mail        |    21 |     1 |       ||    22
       Chain mail        |       |     6 |    13 ||    19
Dodge: Dodged            |    12 |     6 |     9 ||    27
Block: Shield            |    20 |    11 |    27 ||    58
       Rpst.: Long sword |     5 |     1 |       ||     6
       Scimitar          |       |     1 |     1 ||     2
